Map: [ESL] Hard Lead

Players

SKillous

  • Race: Protoss Protoss
  • League: Grandmaster
  • Spawn Location: 11:00

HeroMarine - Winner!

  • Race: Terran Terran
  • Spawn Location: 5:00

Event: HomeStory Cup XXIV

VOD

Have the link to the VOD?

Description

Time

  • Played on: Dec. 3, 2023, 1:16 p.m.
  • Length: 8:47

All games in this series

Show
View Real Time Build Order
Export as new Build Order

SKillous Protoss 

Build Orders: 1 Gate Expand, Blink Stalkers, Colossus Rush 

Get SALT Encoding   

  12  0:00  Probe  
  13  0:12  Probe  
  14  0:17  Pylon  
  14  0:24  Probe  
  15  0:35  Gateway  
  15  0:37  Probe (Chrono Boost)  
  16  0:43  Assimilator  
  16  0:46  Probe (Chrono Boost)  
  17  0:52  Probe  
  18  1:04  Probe  
  19  1:16  Probe  
  20  1:22  Cybernetics Core  
  20  1:33  Nexus  
  20  1:39  Pylon  
  20  1:42  Probe  
  21  1:48  Assimilator  
  21  1:54  Probe  
  21  1:56  Adept (Chrono Boost)  
  21  1:59  Warp Gate  
  24  2:06  Probe  
  25  2:17  Adept (Chrono Boost)  
  25  2:18  Probe  
  28  2:30  Probe  
  28  2:31  Twilight Council  
  29  2:41  Stalker  
  29  2:44  Shield Battery, Probe (Chrono Boost)  
  31  2:48  Probe (Chrono Boost)  
  32  2:55  Shield Battery  
  34  2:59  Probe (Chrono Boost)  
  34  3:00  Probe (Chrono Boost)  
  34  3:05  Blink (Chrono Boost), Probe (Chrono Boost)  
  34  3:07  Probe  
  36  3:17  Probe  
  36  3:19  Probe  
  38  3:25  Gateway  
  38  3:29  Probe  
  38  3:31  Probe  
  38  3:33  Robotics Facility  
  40  3:38  Pylon  
  40  3:41  Probe  
  41  3:48  Stalker  
  41  3:49  Probe  
  41  3:53  Probe  
  45  4:01  Probe  
  46  4:06  Nexus  
  46  4:08  Probe  
  47  4:12  Stalker  
  47  4:16  Pylon  
  49  4:21  Observer (Chrono Boost)  
  49  4:22  Probe  
  50  4:24  Assimilator  
  50  4:26  Assimilator, Probe  
  50  4:29  Stalker  
  53  4:34  Observer (Chrono Boost), Probe  
  53  4:35  Pylon  
  55  4:39  Stalker  
  55  4:41  Probe  
  58  4:46  Probe  
  59  4:54  Gateway  
  59  4:55  Gateway  
  59  4:59  Robotics Bay  
  59  5:03  Probe x2  
  62  5:15  Immortal (Chrono Boost), Probe  
  62  5:19  Shield Battery  
  66  5:24  Shield Battery  
  66  5:25  Stalker  
  68  5:31  Stalker  
  70  5:42  Probe x2  
  66  5:43  Probe  
  57  5:50  Colossus (Chrono Boost)  
  57  5:53  Stalker  
  57  5:54  Stalker  
  65  6:00  Probe (Chrono Boost)  
  65  6:03  Probe x2 (Chrono Boost)  
  68  6:06  Extended Thermal Lance  
  68  6:09  Probe (Chrono Boost)  
  68  6:10  Sentry  
  72  6:12  Probe (Chrono Boost)  
  72  6:13  Probe (Chrono Boost)  
  72  6:14  Probe (Chrono Boost)  
  74  6:19  Stalker  
  74  6:22  Probe, Stalker  
  79  6:26  Probe  
  79  6:27  Pylon  
  79  6:30  Stalker  
  82  6:36  Probe x2  
  84  6:42  Colossus (Chrono Boost)  
  84  6:46  Pylon  
  88  6:47  Probe  
  88  6:50  Probe x2  
  91  6:57  Pylon  
  91  6:58  Forge  
  91  6:59  Probe, Charge  
  92  7:05  Stalker x2  
  92  7:08  Probe  
  97  7:09  Pylon  
  97  7:11  Sentry, Shield Battery  
  97  7:15  Probe  
  100  7:17  Pylon  
  100  7:24  Gateway x2  
  100  7:25  Gateway  
  100  7:32  Stalker x2  
  100  7:37  Pylon  
  104  7:40  Observer (Chrono Boost)  
  104  7:43  Photon Cannon  
  104  7:48  Probe  
  104  7:50  Probe  
  104  7:51  Probe  
  101  7:59  Zealot x4  
  101  8:02  Probe  
  101  8:04  Probe (Chrono Boost)  
  91  8:08  Probe (Chrono Boost)  
  76  8:14  Probe (Chrono Boost)  
  62  8:22  Probe (Chrono Boost), Stalker  
  62  8:24  Probe (Chrono Boost)  
  62  8:25  Probe (Chrono Boost)  
  65  8:29  Probe (Chrono Boost)  
  66  8:30  Probe (Chrono Boost)  
  66  8:31  Probe (Chrono Boost)  
Show
View Real Time Build Order
Export as new Build Order

HeroMarine Terran - Winner!

Build Orders: Cyclone Opening 

Get SALT Encoding   

  12  0:00  SCV  
  13  0:12  SCV  
  14  0:16  Supply Depot  
  14  0:24  SCV  
  15  0:38  Barracks, SCV  
  16  0:43  Refinery  
  16  0:50  SCV  
  16  0:53  Refinery  
  17  1:02  SCV  
  18  1:14  SCV  
  19  1:26  Orbital Command, Reaper  
  20  1:40  Factory  
  20  1:50  Supply Depot  
  20  1:52  SCV  
  21  1:58  Reaper  
  22  2:04  SCV  
  23  2:16  SCV  
  23  2:17  Command Center  
  24  2:27  Cyclone  
  24  2:28  SCV  
  27  2:33  Barracks  
  27  2:37  Barracks Reactor  
  27  2:40  SCV  
  28  2:47  Supply Depot  
  28  2:52  SCV  
  28  2:54  Barracks  
  29  3:01  Factory Tech Lab  
  29  3:05  SCV  
  30  3:14  Marine x2  
  30  3:17  SCV  
  33  3:25  Factory Tech Lab  
  33  3:26  Stimpack  
  33  3:29  Marine, SCV  
  33  3:32  Marine x2  
  33  3:34  Orbital Command  
  37  3:41  SCV  
  38  3:50  Combat Shield  
  38  3:52  Marauder x2  
  38  3:53  SCV  
  38  3:55  Marine x2  
  43  4:00  Supply Depot  
  43  4:01  SCV  
  46  4:05  SCV  
  47  4:13  Marauder  
  47  4:14  SCV, Marauder  
  52  4:17  SCV  
  52  4:19  Marine  
  52  4:21  Marine  
  52  4:22  Supply Depot  
  55  4:26  SCV  
  55  4:29  SCV  
  55  4:31  Engineering Bay  
  57  4:34  Marauder  
  57  4:36  Marauder  
  57  4:38  Supply Depot  
  61  4:40  SCV  
  61  4:44  SCV  
  63  4:46  Starport  
  63  4:47  Factory Reactor  
  63  4:51  Marine  
  63  4:52  SCV, Marine  
  66  4:56  SCV  
  66  4:57  Refinery  
  66  4:58  Terran Infantry Weapons Level 1  
  67  5:00  Marine  
  67  5:01  Marine  
  67  5:04  SCV  
  70  5:08  SCV, Supply Depot  
  70  5:10  Concussive Shells  
  70  5:11  Marine  
  70  5:13  Marine  
  73  5:16  SCV  
  73  5:19  Marine, Refinery  
  73  5:20  SCV  
  75  5:21  Marine  
  75  5:28  SCV  
  75  5:32  SCV  
  75  5:33  Factory Reactor, Marine  
  75  5:34  Marine  
  76  5:38  Marine  
  76  5:39  Marine  
  76  5:40  Medivac x2  
  76  5:41  SCV  
  75  5:44  SCV  
  72  5:51  Marine  
  72  5:53  Marine, SCV  
  72  5:56  Marauder  
  76  5:57  Supply Depot, Marauder  
  72  6:08  Command Center  
  72  6:09  Marine  
  72  6:10  Medivac x2  
  76  6:18  Marauder, Widow Mine x2  
  82  6:19  Marauder  
  84  6:27  Marine x2  
  84  6:30  Barracks x2, SCV x2  
  88  6:39  Marauder  
  90  6:40  Marauder  
  90  6:41  Armory  
  90  6:45  Marine x2  
  94  6:55  Supply Depot, Medivac  
  94  6:56  Supply Depot  
  94  7:12  SCV x2, Marine x2  
  94  7:13  Widow Mine, Marauder  
  102  7:17  Widow Mine, Marauder, Medivac  
  102  7:19  Barracks Reactor, Barracks Tech Lab  
  102  7:20  Orbital Command  
  108  7:24  SCV  
  108  7:25  SCV  
  110  7:30  Marine x2  
  110  7:34  Marauder, Ghost Academy  
  114  7:38  Marauder  
  114  7:39  Marauder  
  114  7:41  Orbital Command  
  118  7:44  Widow Mine  
  118  7:48  Marine  
  118  7:50  SCV x2  
  123  7:55  Marauder  
  115  7:59  Marauder  
  115  8:00  Marauder  
  115  8:02  Marine, SCV x2  
  120  8:11  Marine  
  118  8:14  SCV, Marine  
  118  8:15  SCV  
  118  8:17  Marauder  
  118  8:18  SCV  
  109  8:20  Marauder  
  109  8:21  Marauder, Marine x2  
  109  8:22  Widow Mine x2  
  109  8:26  SCV  
  120  8:27  SCV  
  120  8:29  Marine  
  122  8:30  SCV  
Tags
 
Add a new tag
Caveats
  • Supply blocks, unpowered buildings, or Contaminate may cause inaccurate times.
  • Supply counts are checked every 10 seconds.